 Dungeon Crawl Stone Soup version 0.28-a0-851-g8b9cc49659 (webtiles) character file.

Game seed: 13406441032024874345

5 spiderkeys the Ducker (level 1, -7/13 HPs)
             Began as a Deep Elf Abyssal Knight on Nov 15, 2021.
             Was a Follower of Lugonu.
             Killed by divine providence
             ... invoked by a smoke demon
              (13 damage)
             ... on level 2 of the Abyss.
             The game lasted 00:00:54 (100 turns).

spiderkeys the Ducker (Deep Elf Abyssal Knight)      Turns: 100, Time: 00:00:54

Health: -7/13      AC:  3    Str: 10    XL:     1   Next: 66%
Magic:  4/4        EV: 12    Int: 14    God:    Lugonu [*.....]
Gold:   49         SH:  0    Dex: 15    Spells: 1/1 levels left

rFire   . . .      SeeInvis .   a - +2 short sword
rCold   . . .      Faith    .   (no shield)
rNeg    . . .      Spirit   .   b - +0 leather armour
rPois   .          Reflect  .   (no helmet)
rElec   .          Harm     .   (no cloak)
rCorr   .          Rampage  .   (no gloves)
Will    .....                   (no boots)
Stlth   +.........              (no amulet)
HPRegen 0.04/turn               (no ring)
MPRegen 0.09/turn               (no ring)

@: no status effects
A: no striking features
a: Renounce Religion, Depart the Abyss


You were on level 2 of the Abyss.
You worshipped Lugonu.
Lugonu was aware of your devotion.
You visited 0 branches of the dungeon, and saw 0 of its levels.
You visited the Abyss 1 time.

You collected 49 gold pieces.


   Skills:
 - Level 2.4 Fighting
 - Level 2.0 Short Blades
 - Level 0.7 Armour
 + Level 2.6 Dodging
 + Level 0.8 Spellcasting
 + Level 2.2 Invocations


You had one spell level left.
You didn't know any spells.
Your spell library was empty.

Inventory:

Hand Weapons
 a - a +2 short sword (weapon)
Armour
 b - a +0 leather armour (worn)
Wands
 c - a wand of flame (19)
   (You found it on level 2 of the Abyss)

Dungeon Overview and Level Annotations

Branches:
Dungeon (0/15)

Altars:

.#.##.##....#. .
#....#.. .. #. ... ..##
..#...#.#.#.##
##..#......#.#. ..
##.##....#...##.# ##
##..).##.#. #.. .. #...
.......###.## .# .
###.#...##....#..#.#...#
. # ......##4.@....#
...........#.3.####.#
.## .#.#..#.....?
.#.###.....#........ .#
#.#.#.X#....###. # ##.#.
.#.#.#. .# .###......#.
. ..#.....


You could see an orange demon and a smoke demon.


Message History

🤖 Initializing magus.rc ... ✅ Successfully initialized magus.rc [v1.9.10] Welcome, spiderkeys the Deep Elf Abyssal Knight.
It is said that the Orb of Zot exists deep within this dungeon.
Lugonu says: Depart the Abyss and spread corruption, my servant! (use the ability menu to exit the Abyss) Press ? for a list of commands and other information.
Found a corrupted altar of Lugonu.
Found a gateway leading out of the Abyss.
Found a corrupted altar of Lugonu.
There is a corrupted altar of Lugonu here.
Found a gateway leading deeper into the Abyss.
Found a corrupted altar of Lugonu.
Found a gateway leading deeper into the Abyss.
There is a gateway leading deeper into the Abyss here.
There is a gateway leading deeper into the Abyss here.
You plunge deeper into the Abyss.
c - a wand of flame (22)
You now have 30 gold pieces.
You enter the shallow water.
Moving in this stuff is going to be slow.
An ufetubus comes into view.
Aiming: Throw Flame
Press: ? - help, Shift-Dir - straight line, f - ufetubus
Aim: an ufetubus (wandering, hasn't noticed you, 48% to hit)
The puff of flame hits the ufetubus.
The ufetubus is burned terribly!
The ufetubus shouts!
Aiming: Throw Flame
Press: ? - help, Shift-Dir - straight line, f/p - ufetubus
Aim: an ufetubus (heavily wounded, 48% to hit)
The puff of flame misses the ufetubus.
Aiming: Throw Flame
Press: ? - help, Shift-Dir - straight line, f/p - ufetubus
Aim: an ufetubus (heavily wounded, 48% to hit)
The puff of flame hits the ufetubus.
The ufetubus is burned terribly!
You kill the ufetubus!
You see here a +0 scimitar.
You now have 49 gold pieces (gained 19).
The orange demon screeches!
A large abomination comes into view.
A smoke demon comes into view.
The smoke demon roars!
The smoke demon hits you but does no damage.
The smoke demon hits you. x2
You see here a scroll labelled WIKYEHAEKO. 😮 HP[-5]
You take 5 damage, and now have 8/13 hp.
MASSIVE DAMAGE!! (PAUSE) Unknown command.
Okay, then.
As you read the scroll labelled WIKYEHAEKO, it crumbles to dust.
It is a scroll of enchant weapon.
Your +1 short sword glows red for a moment.
The smoke demon hits you.
* * * LOW HITPOINT WARNING * * *
The smoke demon barely misses you.
The smoke demon hits you but does no damage. 😨 HP[-2]
You take 2 damage, and now have 6/13 hp.
Unknown command.
The smoke demon gestures at you. Something smites you!
Ouch! That really hurt!
You die...

Action                   || total
-------------------------++-------
Evoke: Wand              ||     3
  Use: Scroll            ||     1
Armor: Leather armour    ||     2
Dodge: Dodged            ||     1

Levels and vault maps discovered:
Abyss:2:  base: Temple, evilmike_abyss_exit_14

Notes
Turn   | Place    | Note
-------+----------+-------------------------------------------
     0 | Abyss:1  | spiderkeys the Deep Elf Abyssal Knight began the quest for
                  | the Orb.
     0 | Abyss:1  | Reached XP level 1. HP: 13/13 MP: 4/4
     0 | Abyss:1  | magus.rc [v1.9.10]
    10 | Abyss:1  | Found a corrupted altar of Lugonu.
    35 | Abyss:1  | Found a corrupted altar of Lugonu.
    91 | Abyss:2  | Noticed an orange demon
    93 | Abyss:2  | Noticed a large abomination
    96 | Abyss:2  | Noticed a smoke demon
   100 | Abyss:2  | Killed from afar by a smoke demon

Vanquished Creatures
  An ufetubus (Abyss:2)
1 creature vanquished.

Table legend:
 A = Non-vault XP
 B = Vault XP
 C = Vault XP percentage of total XP
 D = Non-vault monster count
 E = Vault monster count
 F = Vault count percentage of total count
                 A         B        C        D         E       F
            +---------+---------+-------+---------+---------+-------
      Total |       8 |       0 |   0.0 |       1 |       0 |   0.0
            +---------+---------+-------+---------+---------+-------
    Abyss:2 |       8 |       0 |   0.0 |       1 |       0 |   0.0
            +---------+---------+-------+---------+---------+-------

Illustrated notes

Table legend:
 A = Kills in this place as a percentage of kills in entire the game.
 B = Kills by you in this place as a percentage of kills by you in the entire game.
 C = Kills by friends in this place as a percentage of kills by friends in the entire game.
 D = Other kills in this place as a percentage of other kills in the entire game.
 E = Experience gained in this place as a percentage of experience gained in the entire game.
 F = Experience gained in this place divided by the number of levels of this place that you have seen.
                   A       B       C       D       E      F
               +-------+-------+-------+-------+-------+----------------------
         Total | 100.0 | 100.0 |   N/A |   N/A | 100.0 |   4.0
         Abyss | 100.0 | 100.0 |   N/A |   N/A | 100.0 |   4.0
               +-------+-------+-------+-------+-------+----------------------

Table legend: (Time is in decaauts)
 A = Elapsed time spent in this place.
 B = Non-inter-level travel time spent in this place.
 C = Inter-level travel time spent in this place.
 D = Time resting spent in this place.
 E = Time spent auto-exploring this place.
 F = Levels seen in this place.
 G = Mean time per level.
                   A        B        C        D        E       F      G
               +--------+--------+--------+--------+--------+-----+--------+
         Total |    101 |    101 |      0 |      0 |     28 |   2 |   50.5 |
         Abyss |    101 |    101 |      0 |      0 |     28 |   2 |   50.5 |
               +--------+--------+--------+--------+--------+-----+--------+

Top non-repeatable levels by time:
 Abyss:2: 58 daAuts
 Abyss:1: 43 daAuts
